 Dungeon Crawl Stone Soup version 0.18.1-48-g4cf74bf (webtiles) character file.

601 PositiveJam the Basher (level 7, -1/58 HPs)
             Began as a Minotaur Berserker on Sept 3, 2016.
             Was an Elder of Trog.
             Slain by a raiju (4 damage)
             ... on level 1 of the Abyss.
             The game lasted 00:15:39 (3726 turns).

PositiveJam the Basher (Minotaur Berserker)         Turns: 3726, Time: 00:15:40

Health: -1/58      AC:  9    Str: 23    XL:     7   Next: 18%
Magic:  6/6        EV:  8    Int:  4    God:    Trog [****..]
Gold:   199        SH:  0    Dex: 10    Spells: 0 memorised, 6 levels left

rFire  . . .     SeeInvis .     a - +1 mace
rCold  . . .     Gourm    +     s - +0 chain mail
rNeg   . . .     Faith    .     (no shield)
rPois  .         Spirit   .     (helmet restricted)
rElec  .         Dismiss  .     (no cloak)
rCorr  .         Reflect  .     (no gloves)
SustAt .         Harm     .     (no boots)
MR     .....                    r - amulet of the gourmand
Stlth  ..........               (no ring)
                                (no ring)

@: not resistant to hostile enchantments, extremely unstealthy
A: retaliatory headbutt, horns 2
a: Berserk, Trog's Hand, Brothers in Arms, Burn Spellbooks, Renounce Religion


You were on level 1 of the Abyss.
You worshipped Trog.
Trog was greatly pleased with you.
You were not hungry.

You visited 1 branch of the dungeon, and saw 5 of its levels.
You visited the Abyss 1 time.

You collected 199 gold pieces.

Inventory:

Hand Weapons
 a - a +1 mace (weapon)
 p - a +0 flail
 y - a +0 rapier of holy wrath
Armour
 b - a +0 animal skin
 g - a +0 ring mail
 s - a +0 chain mail (worn)
 z - a +0 scale mail
Jewellery
 r - an amulet of the gourmand (around neck)
 v - an uncursed amulet of regeneration {unknown}
 x - an uncursed ring of protection from cold {unknown}
 C - an uncursed amulet of magic regeneration {unknown}
Wands
 t - a wand of flame (10/48)
Scrolls
 e - 3 scrolls of identify
 l - 2 scrolls of enchant weapon
 w - a scroll of teleportation
 A - a scroll of amnesia {unknown}
 D - a scroll of recharging {unknown}
Potions
 d - a potion of agility
 f - a potion of degeneration {unknown}
 h - 3 potions of cancellation
 i - a potion of might {unknown}
 k - 3 potions of brilliance
 n - a potion of cure mutation {unknown}
 o - a potion of magic {unknown}
 q - a potion of mutation {unknown}
 u - a potion of curing {unknown}
 B - a potion of haste {unknown}
Comestibles
 c - 3 bread rations
 j - 2 meat rations
 m - 3 fruits


   Skills:
 + Level 3.7 Fighting
 + Level 9.8 Maces & Flails
 + Level 2.9 Armour
 - Level 2.1 Dodging


You had 6 spell levels left.
You didn't know any spells.

Dungeon Overview and Level Annotations

Branches:
Dungeon (5/15)
 Temple: D:4-7

Altars:

Annotations:
D:4 Edmund


Innate Abilities, Weirdness & Mutations

You reflexively headbutt those who attack you in melee.
You have a pair of horns on your head.


Message History

Beogh smites you!
You are suddenly pulled into a different region of the Abyss!
Found a scroll labeled EZEBALI BANUC and a scroll of teleportation.
w - a scroll of teleportation
D - a scroll labeled EZEBALI BANUC You start resting.
A raiju comes into view.
A raiju is nearby!
The raiju barks!
An angel comes into view. It is wielding a whip of holy wrath.
A raiju comes into view.
The raiju bursts into living lightning!
The living lightning hits you! x2
* * * LOW HITPOINT WARNING * * *
The raiju blinks! x3
The raiju bursts into living lightning!
The living lightning hits you!
* * * LOW HITPOINT WARNING * * *
The raiju blinks!
The raiju bites you.
You die...

##..##..#...... ..
#..... ..##...##..
###...#....# ...
####...#. #. #.
#..#.#..##.# ##.#
.. ##.#ยง #.#
..#..#. # #...##.#
..##h#. . #
#....#####...#..#.
#.#@......##...
#...
###.h##.#..........
#.h#..# ####.#.#.
.. ####### .. . .#
. ..#.....#.
####.##.. .# ... .
.### #. ..


You could see 2 raiju.

Vanquished Creatures
  Grinder (D:4)
  A scorpion (D:3)
  An orc priest (D:4)
  An iguana (D:4)
  Natasha (thrice) (D:3)
  A worker ant (D:4)
  Robin (D:3)
  3 gnolls (D:4)
  7 adders
  4 worms (D:2)
  2 dart slugs (D:1)
  A giant gecko (D:2)
  4 orcs
  2 ball pythons
  5 giant cockroaches
  17 goblins
  9 hobgoblins
  A quokka (D:2)
  12 bats
  5 giant newts
  18 kobolds
  11 rats
110 creatures vanquished.

Notes
Turn   | Place    | Note
--------------------------------------------------------------
     0 | D:1      | PositiveJam the Minotaur Berserker began the quest for the Orb.
     0 | D:1      | Reached XP level 1. HP: 19/19 MP: 0/0
    24 | D:1      | Reached skill level 4 in Maces & Flails
    66 | D:1      | Reached XP level 2. HP: 24/26 MP: 1/1
   275 | D:1      | Reached skill level 5 in Maces & Flails
   364 | D:1      | Reached ** piety under Trog
   434 | D:1      | Reached XP level 3. HP: 31/31 MP: 2/2
  1272 | D:2      | Reached XP level 4. HP: 39/39 MP: 3/3
  1374 | D:2      | Reached skill level 6 in Maces & Flails
  1612 | D:2      | Reached *** piety under Trog
  1981 | D:3      | Noticed Natasha
  1986 | D:3      | Killed Natasha
  2018 | D:3      | Noticed Robin
  2027 | D:3      | Killed Robin
  2027 | D:3      | Reached skill level 7 in Maces & Flails
  2027 | D:3      | Reached XP level 5. HP: 45/45 MP: 4/4
  2229 | D:3      | Noticed Natasha
  2237 | D:3      | Killed Natasha
  2237 | D:3      | Reached **** piety under Trog
  2242 | D:3      | Noticed Natasha
  2404 | D:3      | Killed Natasha
  2661 | D:4      | Noticed Grinder
  2661 | D:4      | Paralysed by Grinder for 4 turns
  2668 | D:3      | Reached skill level 8 in Maces & Flails
  2668 | D:3      | Reached XP level 6. HP: 49/51 MP: 5/5
  2749 | D:4      | Noticed Edmund
  2918 | D:4      | Killed Grinder
  2918 | D:4      | Reached skill level 9 in Maces & Flails
  2918 | D:4      | Reached XP level 7. HP: 13/57 MP: 6/6
  3548 | D:5      | Entered Level 5 of the Dungeon
  3590 | D:4      | Cast into level 1 of the Abyss (Edmund)
  3639 | Abyss:1  | Noticed a worldbinder
  3706 | Abyss:1  | Noticed a raiju
  3713 | Abyss:1  | Noticed an angel
  3725 | Abyss:1  | Noticed a raiju
  3726 | Abyss:1  | Slain by a raiju

Skill      XL: |  1  2  3  4  5  6 |
---------------+-------------------+-----
Maces & Flails | 4 5 7 8 9 |  9.8
Fighting       | |  3.7
Armour         | |  2.9
Dodging        | |  2.1

Action                   |  1- 3 |  4- 6 |  7- 9 || total
-------------------------+-------+-------+-------++-------
Melee: Mace              |    80 |   132 |    24 ||   236
       Headbutt          |     8 |    21 |     3 ||    32
Invok: Berserk           |       |     3 |       ||     3
       Burn Spellbooks   |       |     1 |       ||     1
  Use: Scroll            |       |     2 |     1 ||     3
       Potion            |       |     2 |       ||     2
  Eat: Chunk             |     1 |     7 |     3 ||    11
       Fruit             |       |     1 |       ||     1
       Bread ration      |       |     1 |       ||     1
Armor: Animal skin       |    11 |       |       ||    11
       Ring mail         |    34 |    37 |       ||    71
       Chain mail        |       |    21 |    10 ||    31
Dodge: Dodged            |    59 |    70 |    10 ||   139
